FBN
ST. LOUIS CARDINALS @ UNION TOWNSHIP SODBUSTERS
04/30/1946
 
TOP OF THE 1ST
St. Louis Cardinals batting - Pitching for Union Township Sodbusters : RHP Rube Marshall
Pitching: RHP Rube Marshall
Batting: LHB Jim Gantner 0-0: Foul Ball, location: 2F
0-1: Ball
1-1: Ball
2-1: Swinging Strike
2-2: DOUBLE (Flyball, 8LXD, EV 91.9 MPH)
Batting: LHB Jose Cruz 0-0: Ball
1-0: Ground out 4-3 (Groundball, 4, EV 108.8 MPH)
Jim Gantner to third
Batting: RHB Sixto Lezcano 0-0: Called Strike
0-1: Ball
1-1: Swinging Strike
1-2: Ball
2-2: Strikes out swinging
Batting: LHB Pat Putnam 0-0: Ball
1-0: Fly out, F6 (Popup, 6, EV 63.1 MPH)
Top of the 1st over - 0 runs, 1 hit, 0 errors, 1 left on base; St. Louis 0 - Union Township 0
BOTTOM OF THE 1ST
Union Township Sodbusters batting - Pitching for St. Louis Cardinals : LHP Steve Carlton
Pitching: LHP Steve Carlton
Batting: SHB Frankie Frisch 0-0: Ball
1-0: Ball
2-0: Ball
3-0: Base on Balls
Batting: RHB Chick Hafey 0-0: Ball
1-0: Fly out, F7 (Flyball, 7, EV 93.8 MPH)
Batting: RHB Austin McHenry 0-0: Called Strike
0-1: Fly out, F7 (Flyball, 7S, EV 85.6 MPH)
Batting: RHB High Pockets Kelly 0-0: Ball
Wild Pitch!
Frankie Frisch to second
1-0: Ball
2-0: Fly out, F8 (Flyball, 8RM, EV 95.6 MPH)
Bottom of the 1st over - 0 runs, 0 hits, 0 errors, 1 left on base; St. Louis 0 - Union Township 0
TOP OF THE 2ND
St. Louis Cardinals batting - Pitching for Union Township Sodbusters : RHP Rube Marshall
Batting: RHB Joe Torre 0-0: Called Strike
0-1: Foul Ball, location: 2F
0-2: SOLO HOME RUN (Flyball, 7D, EV 100.6 MPH), Distance : 370 ft
Batting: RHB Dan Thomas 0-0: Foul Ball, location: 2F
0-1: Ground out 4-3 (Groundball, 34, EV 81.9 MPH)
Batting: RHB Pascual D'Annunzio 0-0: Ball
1-0: Called Strike
1-1: Swinging Strike
1-2: Foul Ball, location: 2F
1-2: SINGLE (Groundball, 34D, EV 94.4 MPH)
Batting: SHB Billy E Smith 0-0: Called Strike
0-1: Fly out, F7 (Flyball, 78D, EV 93.1 MPH)
Batting: RHB Bob Brenly 0-0: Called Strike
0-1: Called Strike
0-2: Foul Ball, location: 2F
0-2: Fielders Choice at 2nd, 6-4 (Groundball, 6, EV 106.3 MPH)
Top of the 2nd over - 1 run, 2 hits, 0 errors, 1 left on base; St. Louis 1 - Union Township 0
BOTTOM OF THE 2ND
Union Township Sodbusters batting - Pitching for St. Louis Cardinals : LHP Steve Carlton
Batting: LHB Goose Goslin 0-0: Ball
1-0: Ball
2-0: Swinging Strike
2-1: Ground out 5-3 (Groundball, 5L, EV 82.5 MPH)
Batting: RHB Bubbles Hargrave 0-0: Ball
1-0: Foul Ball, location: 2F
1-1: SINGLE (Flyball, 7LS, EV 95.0 MPH)
Batting: RHB Joe Dugan 0-0: Called Strike
0-1: Ball
1-1: Fly out, F8 (Flyball, 89D, EV 96.9 MPH)
Batting: RHB Frank Parkinson 0-0: Ball
1-0: Called Strike
1-1: Ball
2-1: Fly out, F9 (Flyball, 9, EV 81.3 MPH)
Bottom of the 2nd over - 0 runs, 1 hit, 0 errors, 1 left on base; St. Louis 1 - Union Township 0
TOP OF THE 3RD
St. Louis Cardinals batting - Pitching for Union Township Sodbusters : RHP Rube Marshall
Batting: LHB Jim Gantner 0-0: Ball
1-0: Swinging Strike
1-1: Ground out 4-3 (Groundball, 34, EV 99.4 MPH)
Batting: LHB Jose Cruz 0-0: Ball
1-0: SINGLE (Flyball, 78S, EV 97.5 MPH)
Batting: RHB Sixto Lezcano 0-0: Ball
1-0: Fly out, F8 (Line Drive, 8RD, EV 100.6 MPH)
Batting: LHB Pat Putnam 0-0: Fielders Choice at 2nd, 6-4 (Groundball, 6, EV 86.3 MPH)
Top of the 3rd over - 0 runs, 1 hit, 0 errors, 1 left on base; St. Louis 1 - Union Township 0
BOTTOM OF THE 3RD
Union Township Sodbusters batting - Pitching for St. Louis Cardinals : LHP Steve Carlton
Batting: LHB Ernie Orsatti 0-0: Ball
1-0: Called Strike
1-1: Ball
2-1: Fly out, F7 (Flyball, 7, EV 86.3 MPH)
Batting: SHB Frankie Frisch 0-0: Fly out, F9 (Flyball, 9, EV 90.0 MPH)
Batting: RHB Chick Hafey 0-0: Ball
1-0: Ball
2-0: Foul Ball, location: 2F
2-1: SINGLE (Line Drive, 89S, EV 91.9 MPH)
Batting: RHB Austin McHenry 0-0: Ball
1-0: Foul Ball, location: 2F
1-1: Ball
2-1: Fly out, F8 (Line Drive, 8LM, EV 111.3 MPH)
Bottom of the 3rd over - 0 runs, 1 hit, 0 errors, 1 left on base; St. Louis 1 - Union Township 0
TOP OF THE 4TH
St. Louis Cardinals batting - Pitching for Union Township Sodbusters : RHP Rube Marshall
Batting: RHB Joe Torre 0-0: Called Strike
0-1: Ball
1-1: SINGLE (Groundball, 56D, EV 95.0 MPH)
Batting: RHB Dan Thomas 0-0: Foul Ball, location: 2F
0-1: Ball
1-1: Fly out, F8 (Flyball, 8LM, EV 89.4 MPH)
Batting: RHB Pascual D'Annunzio 0-0: Reached on error, E1 (Groundball, 15, EV 66.3 MPH)
Joe Torre to second
Batting: SHB Billy E Smith 0-0: Called Strike
0-1: Called Strike
0-2: Ball
1-2: Ball
2-2: Foul Ball, location: 2F
2-2: Ball
3-2: Fly out, F8 (Line Drive, 8LD, EV 85.6 MPH)
Batting: RHB Bob Brenly 0-0: Ball
1-0: Called Strike
1-1: Foul Ball, location: 2F
1-2: Foul Ball, location: 2F
1-2: SINGLE (Groundball, 34D, EV 98.1 MPH)
Joe Torre to third
Pascual D'Annunzio to second
Runner from 3rd tries for Home, SAFE, throw by RF to home
Batting: LHB Jim Gantner 0-0: Swinging Strike
0-1: Ball
1-1: Ball
2-1: Fly out, F7 (Flyball, 78S, EV 73.8 MPH)
Top of the 4th over - 1 run, 2 hits, 1 error, 2 left on base; St. Louis 2 - Union Township 0
BOTTOM OF THE 4TH
Union Township Sodbusters batting - Pitching for St. Louis Cardinals : LHP Steve Carlton
Batting: RHB High Pockets Kelly 0-0: Called Strike
0-1: Foul Ball, location: 2F
0-2: Foul Ball, location: 2F
0-2: Strikes out swinging
Batting: LHB Goose Goslin 0-0: Called Strike
0-1: Foul Ball, location: 2F
0-2: Strikes out swinging
Batting: RHB Bubbles Hargrave 0-0: Ground out 5-3 (Groundball, 56, EV 103.8 MPH)
Bottom of the 4th over - 0 runs, 0 hits, 0 errors, 0 left on base; St. Louis 2 - Union Township 0
TOP OF THE 5TH
St. Louis Cardinals batting - Pitching for Union Township Sodbusters : RHP Rube Marshall
Batting: LHB Jose Cruz 0-0: Ball
1-0: Ball
2-0: Ball
3-0: Called Strike
3-1: Base on Balls
Batting: RHB Sixto Lezcano 0-0: Called Strike
0-1: SINGLE (Groundball, 56, EV 101.9 MPH) (infield hit)
Jose Cruz to second
Batting: LHB Pat Putnam 0-0: Ball
1-0: Foul Ball, location: 2F
1-1: Called Strike
1-2: Strikes out looking
Batting: RHB Joe Torre 0-0: Called Strike
0-1: Ball
1-1: Fly out, F4 (Popup, 4, EV 77.5 MPH)
Batting: RHB Dan Thomas 0-0: Swinging Strike
0-1: Foul Ball, location: 2F
0-2: Foul Ball, location: 2F
0-2: Ground out 1-3 (Groundball, P, EV 85.6 MPH)
Top of the 5th over - 0 runs, 1 hit, 0 errors, 2 left on base; St. Louis 2 - Union Township 0
BOTTOM OF THE 5TH
Union Township Sodbusters batting - Pitching for St. Louis Cardinals : LHP Steve Carlton
Batting: RHB Joe Dugan 0-0: Called Strike
0-1: SINGLE (Groundball, 6MD, EV 106.9 MPH)
Batting: RHB Frank Parkinson 0-0: Ball
1-0: Sac Bunt to 25 - play at first, batter OUT! 5-3
Joe Dugan to second
Batting: LHB Ernie Orsatti 0-0: Called Strike
0-1: Foul Ball, location: 2F
0-2: Foul Ball, location: 2F
0-2: Ball
1-2: Ball
2-2: Foul Ball, location: 2F
2-2: Fly out, F7 (Flyball, 7LM, EV 74.4 MPH)
Batting: SHB Frankie Frisch 0-0: Swinging Strike
0-1: DOUBLE (Line Drive, 8RD, EV 103.8 MPH)
Joe Dugan scores
Batting: RHB Chick Hafey 0-0: Ball
1-0: Called Strike
1-1: Swinging Strike
1-2: Ball
2-2: Foul Ball, location: 2F
2-2: SINGLE (Flyball, 34D, EV 94.4 MPH)
Frankie Frisch to third
Runner from 3rd tries for Home, SAFE, throw by RF to home
Batting: RHB Austin McHenry 0-0: Ball
1-0: SINGLE (Groundball, 34D, EV 108.1 MPH)
Chick Hafey to second
Runner from 2nd tries for 3rd, SAFE, no throw by RF
Batting: RHB High Pockets Kelly 0-0: Called Strike
0-1: Fly out, F8 (Line Drive, 8RM, EV 94.4 MPH)
Bottom of the 5th over - 2 runs, 4 hits, 0 errors, 2 left on base; St. Louis 2 - Union Township 2
TOP OF THE 6TH
St. Louis Cardinals batting - Pitching for Union Township Sodbusters : RHP Rube Marshall
Batting: RHB Pascual D'Annunzio 0-0: Called Strike
0-1: Swinging Strike
0-2: Ball
1-2: Strikes out swinging
Batting: SHB Billy E Smith 0-0: Ball
1-0: Called Strike
1-1: Ball
2-1: Foul Ball, location: 2F
2-2: Strikes out looking
Batting: RHB Bob Brenly 0-0: Called Strike
0-1: Ball
1-1: SINGLE (Groundball, 6D, EV 101.3 MPH)
Batting: LHB Jim Gantner 0-0: Ball
1-0: Ball
2-0: Called Strike
2-1: Foul Ball, location: 2F
2-2: SINGLE (Groundball, 3D, EV 104.4 MPH)
Bob Brenly to second
Runner from 2nd tries for 3rd, SAFE, no throw by RF
Batting: LHB Jose Cruz 0-0: Called Strike
0-1: Fly out, F6 (Popup, 6S, EV 79.4 MPH)
Top of the 6th over - 0 runs, 2 hits, 0 errors, 2 left on base; St. Louis 2 - Union Township 2
BOTTOM OF THE 6TH
Union Township Sodbusters batting - Pitching for St. Louis Cardinals : LHP Steve Carlton
Batting: LHB Goose Goslin 0-0: Ball
1-0: Ball
2-0: Foul Ball, location: 2F
2-1: Swinging Strike
2-2: Foul Ball, location: 2F
2-2: Foul Ball, location: 2F
2-2: Foul Ball, location: 2F
2-2: Ball
3-2: Base on Balls
Batting: RHB Bubbles Hargrave 0-0: Ball
Goose Goslin is caught stealing 2nd base 2-4
1-0: Ball
2-0: Called Strike
2-1: Foul Ball, location: 2F
2-2: Ball
3-2: Foul Ball, location: 2F
3-2: SINGLE (Line Drive, 8RS, EV 106.3 MPH)
Batting: RHB Joe Dugan 0-0: Called Strike
0-1: SINGLE (Groundball, 56, EV 103.8 MPH) (infield hit)
Bubbles Hargrave to second
Batting: RHB Frank Parkinson 0-0: Called Strike
0-1: Called Strike
0-2: Ball
1-2: Foul Ball, location: 2F
1-2: Foul Ball, location: 2F
1-2: 3-RUN HOME RUN (Flyball, 7LD, EV 98.1 MPH), Distance : 332 ft
Batting: LHB Ernie Orsatti 0-0: Called Strike
0-1: Fly out, F7 (Flyball, 7, EV 86.3 MPH)
Batting: SHB Frankie Frisch 0-0: Ball
1-0: Foul Ball, location: 2F
1-1: Fly out, F3 (Popup, 3S, EV 72.5 MPH)
Bottom of the 6th over - 3 runs, 3 hits, 0 errors, 0 left on base; St. Louis 2 - Union Township 5
TOP OF THE 7TH
St. Louis Cardinals batting - Pitching for Union Township Sodbusters : RHP Rube Marshall
Pitching: RHP Mike Kircher
Batting: RHB Sixto Lezcano 0-0: Called Strike
0-1: Swinging Strike
0-2: Strikes out swinging, 2-3 out at first.
Batting: LHB Pat Putnam 0-0: Ball
1-0: SINGLE (Groundball, 5D, EV 95.0 MPH)
Batting: RHB Joe Torre 0-0: Grounds into double play, 1-4-3 (Groundball, P, EV 80.6 MPH)
Top of the 7th over - 0 runs, 1 hit, 0 errors, 0 left on base; St. Louis 2 - Union Township 5
BOTTOM OF THE 7TH
Union Township Sodbusters batting - Pitching for St. Louis Cardinals : LHP Steve Carlton
Batting: RHB Chick Hafey 0-0: Called Strike
0-1: Foul Ball, location: 2F
0-2: Foul Ball, location: 2F
0-2: Strikes out looking
Batting: RHB Austin McHenry 0-0: Called Strike
0-1: Fly out, F9 (Flyball, 9LDF, EV 90.0 MPH)
Batting: RHB High Pockets Kelly 0-0: Ball
1-0: Swinging Strike
1-1: Called Strike
1-2: Ground out 1-3 (Groundball, 34S, EV 74.4 MPH)
Bottom of the 7th over - 0 runs, 0 hits, 0 errors, 0 left on base; St. Louis 2 - Union Township 5
TOP OF THE 8TH
St. Louis Cardinals batting - Pitching for Union Township Sodbusters : RHP Mike Kircher
Batting: RHB Dan Thomas 0-0: SINGLE (Groundball, 4MD, EV 95.6 MPH)
Batting: RHB Pascual D'Annunzio 0-0: Foul Ball, location: 2F
0-1: Swinging Strike
0-2: Hit by Pitch
Dan Thomas to second
Batting: SHB Billy E Smith 0-0: Ball
1-0: Ball
2-0: Ball
3-0: Called Strike
3-1: Swinging Strike
3-2: Foul Ball, location: 2F
3-2: Fielders Choice at 2nd, 1-6 (Groundball, 34S, EV 68.1 MPH)
Dan Thomas to third
Batting: RHB Bob Brenly 0-0: Called Strike
0-1: Ball
1-1: Ball
2-1: Fielders Choice at 2nd, 6-4 (Groundball, 6, EV 86.3 MPH)
Dan Thomas scores
Batting: LHB Jim Gantner 0-0: Foul Ball, location: 2F
0-1: Ball
1-1: Foul Ball, location: 2F
1-2: Ball
2-2: Ground out 1-3 (Groundball, P, EV 79.4 MPH)
Top of the 8th over - 1 run, 1 hit, 0 errors, 1 left on base; St. Louis 3 - Union Township 5
BOTTOM OF THE 8TH
Union Township Sodbusters batting - Pitching for St. Louis Cardinals : LHP Steve Carlton
Batting: LHB Goose Goslin 0-0: Ball
1-0: Ball
2-0: Called Strike
2-1: Foul Ball, location: 2F
2-2: Ball
3-2: Strikes out swinging
Batting: RHB Bubbles Hargrave 0-0: Ball
1-0: Swinging Strike
1-1: Foul Ball, location: 2F
1-2: Ball
2-2: Ball
3-2: Fly out, F7 (Flyball, 7D, EV 96.3 MPH)
Batting: RHB Joe Dugan 0-0: Ball
1-0: TRIPLE (Line Drive, 8LXD, EV 105.0 MPH)
Batting: RHB Frank Parkinson 0-0: Ball
1-0: SINGLE (Line Drive, 89S, EV 105.0 MPH)
Joe Dugan scores
Batting: LHB Ernie Orsatti 0-0: DOUBLE (Line Drive, 3D, EV 95.6 MPH)
Frank Parkinson to third
Runner from 3rd tries for Home, SAFE, no throw by RF
Pitching: RHP Lary Sorensen
Batting: SHB Frankie Frisch 0-0: Ball
1-0: Swinging Strike
1-1: Ground out U3 (Groundball, 3, EV 86.3 MPH)
Bottom of the 8th over - 2 runs, 3 hits, 0 errors, 1 left on base; St. Louis 3 - Union Township 7
TOP OF THE 9TH
St. Louis Cardinals batting - Pitching for Union Township Sodbusters : RHP Mike Kircher
Batting: LHB Jose Cruz 0-0: Ball
1-0: Swinging Strike
1-1: Foul Ball, location: 2F
1-2: Fly out, F8 (Flyball, 8RM, EV 90.6 MPH)
Batting: RHB Sixto Lezcano 0-0: Ball
1-0: Ball
2-0: Called Strike
2-1: Foul Ball, location: 2F
2-2: Foul Ball, location: 2F
2-2: Fly out, F4 (Popup, 4D, EV 52.5 MPH)
Batting: LHB Pat Putnam 0-0: Ground out 3-1 (Groundball, 34, EV 88.8 MPH)
Top of the 9th over - 0 runs, 0 hits, 0 errors, 0 left on base; St. Louis 3 - Union Township 7
Friday, July 26th, 2019 - OOTP Baseball 20.5 Build 52